 Dungeon Sprint DCSS version 0.31-a0-841-g038b102fc3 (webtiles) character file.

Game seed: 15377587887471536409

169 sircluck the Ruffian (level 5, -2/59 HPs)
             Began as a Troll Berserker on Sept 27, 2023.
             Was a Priest of Trog.
             Killed by divine providence
             ... invoked by an orc priest
              (11 damage)
             ... in the Dungeon (Sprint VII: "The Pits").
             The game lasted 00:00:24 (212 turns).

sircluck the Ruffian (Troll Berserker)               Turns: 212, Time: 00:00:24

Health: -2/59      AC:  4    Str: 27    XL:     5   Next: 25%
Magic:  4/4        EV: 11    Int:  3    God:    Trog [***...]
Gold:   0          SH:  0    Dex:  9    Spells: 4/4 levels left

rFire   . .          .
                       - Unarmed
rCold   . . .        (no shield)
rNeg    . . .        a - +0 animal skin
rPois   .            (helmet restricted)
rElec   .            (no cloak)
rCorr   .            (gloves unavailable)
SInv    .            (boots unavailable)
Will    .....        (no amulet)
Stlth   +            (no ring)
HPRegen 1.09/turn    (no ring)
MPRegen 0.09/turn

%: no teleportation
@: no status effects
A: large, unfitting armour, claws 3, regeneration 1, shaggy fur 1, tough skin 1
a: Renounce Religion, Berserk, Trog's Hand


You were in the Dungeon.
You worshipped Trog.
Trog was most pleased with you.
You visited 1 branch

Inventory:

Armour
 a - a +0 animal skin (worn)
Scrolls
 g - a scroll of blinking
 i - 2 scrolls of vulnerability
 j - a scroll of summoning
Potions
 b - 6 potions of curing
 c - 6 potions of heal wounds
 d - a potion of haste
 e - 4 potions of magic
 f - 3 potions of berserk rage
 h - 2 potions of invisibility


   Skills:
 + Level 5.7 Fighting
 + Level 5.7 Dodging
 + Level 6.8 Unarmed Combat


You had 4 spell levels left.
You didn't know any spells.
Your spell library was empty.

Dungeon Overview and Level Annotations

Branches:
Dungeon (1/1)

Altars:
Ashenzari
Cheibriados
Dithmenos
Elyvilon
Fedhas
Gozag
Hepliaklqana
Kikubaaqudgha
Makhleb
Nemelex Xobeh
Okawaru
Qazlal
Ru
Sif Muna
Trog
Uskayaw
Vehumet
Wu Jian
Xom
Yredelemnul
Zin
The Shining One
Jiyva
Lugonu


Innate Abilities, Weirdness & Mutations

You are too large for most types of armour.
You have claws for hands.
Your natural rate of healing is unusually fast.
You are covered in fur. (AC +1)
You have tough skin. (AC +1)


Message History

The centaur wields a +0 orcbow.
The centaur shoots an arrow.
The arrow hits you.
The orc priest moves out of view.
The orc moves out of view.
An orc warrior comes into view. It is wielding a +0 trident.
There are monsters nearby!
There are monsters nearby!
There are monsters nearby!
There are monsters nearby!
There are monsters nearby!
There are monsters nearby!
The centaur shoots an arrow.
The arrow hits you.
The orc warrior moves out of view.
You hear a shout!
The centaur shoots an arrow.
The arrow barely misses you.
The centaur shoots an arrow.
The arrow hits you!
The centaur shoots an arrow.
The arrow hits you.
The centaur shoots an arrow.
The arrow hits you.
A kobold brigand comes into view.
It is wielding a +0 club and quivering curare-tipped darts.
The centaur shoots an arrow.
The arrow hits you!
The centaur shoots an arrow.
The arrow closely misses you.
You claw the centaur!
The centaur is almost dead.
The centaur unwields a +0 orcbow.
The centaur hits you. The centaur barely misses you.
The orc priest calls down the wrath of Beogh upon you.
Beogh smites you!
* * * LOW HITPOINT WARNING * * *
You claw the centaur!
You kill the centaur!
Trog accepts your kill.
Your Fighting skill increases to level 5!
Your Dodging skill increases to level 5!
Your Unarmed Combat skill increases to level 6!
You have reached level 5!
Unknown command.
Unknown command.
Unknown command.
The orc priest mumbles some strange prayers to Beogh against you.
Beogh smites you!
You die...

##########.##.....
#..........†'.....
#'#####)#####.....
#.#[[#.....##.....
#.#))#####'#####'#
#.#))#.....##.....
#.#))#.....##.....
#.#..###'####.....
#@##'#.††..##...<.
#.#........##.....
#)#........##.....
#o###########.....


#oo ###### #K.. ##.#. .... .# #b You could see an orc warrior, a kobold brigand,
an orc priest and an orc.

Vanquished Creatures
  A centaur (D)
  A scorpion (D)
  An adder (D)
  A river rat (D)
  3 ufetubi (D)
  A goblin (D)
  A ball python (D)
  A rat (D)
10 creatures vanquished.

Notes
Turn   | Place    | Note
-------+----------+-------------------------------------------
     0 | D        | sircluck the Troll Berserker began the quest for the Orb.
     0 | D        | Reached XP level 1. HP: 22/22 MP: 0/0
    21 | D        | Noticed a snapping turtle
    21 | D        | Noticed a demonic crawler
    77 | D        | Noticed a scorpion
    81 | D        | Killed a scorpion
    82 | D        | Reached skill level 5 in Unarmed Combat
    82 | D        | Reached XP level 2. HP: 30/32 MP: 1/1
    82 | D        | Reached XP level 3. HP: 37/39 MP: 2/2
    86 | D        | Found a bloodstained altar of Trog.
    86 | D        | Found a shimmering blue altar of Sif Muna.
    86 | D        | Found a viscous altar of Jiyva.
    86 | D        | Found a hazy altar of Hepliaklqana.
    86 | D        | Found an opulent altar of Gozag.
    87 | D        | Found a glowing golden altar of the Shining One.
    87 | D        | Found a glowing silver altar of Zin.
    87 | D        | Found a basalt altar of Yredelemnul.
    87 | D        | Found a shimmering altar of Xom.
    87 | D        | Found an ornate altar of the Wu Jian Council.
    87 | D        | Found a sacrificial altar of Ru.
    87 | D        | Found a stormy altar of Qazlal.
    87 | D        | Found an iron altar of Okawaru.
    87 | D        | Found a sparkling altar of Nemelex Xobeh.
    87 | D        | Found a burning altar of Makhleb.
    87 | D        | Found a blossoming altar of Fedhas.
    87 | D        | Found a white marble altar of Elyvilon.
    87 | D        | Found a shadowy altar of Dithmenos.
    87 | D        | Found a snail-covered altar of Cheibriados.
    90 | D        | Found a corrupted altar of Lugonu.
    90 | D        | Found a radiant altar of Vehumet.
    91 | D        | Found an ancient bone altar of Kikubaaqudgha.
    91 | D        | Found a hide-covered altar of Uskayaw.
    91 | D        | Found a broken altar of Ashenzari.
   131 | D        | Reached ** piety under Trog
   138 | D        | Reached XP level 4. HP: 49/49 MP: 3/3
   148 | D        | Reached *** piety under Trog
   200 | D        | Noticed a centaur
   200 | D        | Noticed a fire bat
   201 | D        | Noticed an orc warrior
   207 | D        | Noticed a kobold brigand
   211 | D        | Killed a centaur
   212 | D        | Reached skill level 5 in Fighting
   212 | D        | Reached skill level 5 in Dodging
   212 | D        | Reached skill level 6 in Unarmed Combat
   212 | D        | Reached XP level 5. HP: 8/59 MP: 4/4
   212 | D        | Killed from afar by an orc priest

Illustrated notes

Levels and vault maps discovered:
D:        pitsprint [storerooms_1, entrance_room_1, metal_vault_1, armoury_1,
          mini_pit_1, grid_room_1, main_hall_1, silver_pit, the_coven_2,
          the_vestibule_1, steel_vault_4, golden_pit, hallway_of_sentries,
          crystal_vault_1, iron_vault_4, final_vault]

Skill      XL: |  1  2  3  4 |
---------------+-------------+-----
Fighting       | 4 5 |  5.7
Dodging        | 4 5 |  5.7
Unarmed Combat | 5 6 |  6.8

Action                     |  1- 3 |  4- 6 || total
---------------------------+-------+-------++-------
  Melee: Unarmed           |     6 |    14 ||    20
         Punch             |       |     1 ||     1
 Armour: Animal skin       |     2 |    16 ||    18
  Dodge: Dodged            |     3 |    11 ||    14

Table legend: (Time is in decaauts)
 A = Elapsed time spent in this place.
 B = Non-inter-level travel time spent in this place.
 C = Inter-level travel time spent in this place.
 D = Time resting spent in this place.
 E = Time spent auto-exploring this place.
 F = Levels seen in this place.
 G = Mean time per level.
                   A        B        C        D        E       F      G
               +--------+--------+--------+--------+--------+-----+--------+
         Total |    210 |    210 |      0 |      0 |     90 |   1 |  210.0 |
       Dungeon |    210 |    210 |      0 |      0 |     90 |   1 |  210.0 |
               +--------+--------+--------+--------+--------+-----+--------+

Top non-repeatable levels by time:
       D: 210 daAuts
